Map: Eternal Empire LE

Players

Heeebster - Winner!

  • Race: Protoss Protoss
  • League: Diamond
  • Spawn Location: 7:00

A.I. 2 (Elite)

  • Race: Zerg Zerg
  • Spawn Location: 1:00

VOD

Have the link to the VOD?

Description

Time

  • Played on: April 21, 2020, 9:52 p.m.
  • Length: 9:42
Show
View Real Time Build Order
Export as new Build Order

Heeebster Protoss - Winner!

Build Orders: 1 Gate Expand, Oracle Opening, Phoenix Opening, Archon Immortal 

Get SALT Encoding   

  12  0:01  Probe  
  13  0:13  Probe  
  14  0:20  Pylon  
  14  0:25  Probe  
  15  0:38  Probe (Chrono Boost)  
  16  0:42  Gateway  
  16  0:49  Assimilator  
  17  0:50  Probe (Chrono Boost)  
  17  0:55  Probe (Chrono Boost)  
  18  1:04  Probe  
  19  1:16  Probe  
  20  1:28  Nexus  
  20  1:39  Cybernetics Core  
  20  1:41  Probe  
  20  1:46  Assimilator  
  21  1:53  Probe  
  22  1:58  Pylon  
  22  2:05  Probe  
  23  2:14  Adept (Chrono Boost)  
  23  2:18  Stargate  
  23  2:21  Probe  
  26  2:26  Warp Gate  
  26  2:33  Probe  
  27  2:37  Adept  
  27  2:40  Probe (Chrono Boost)  
  30  2:45  Probe (Chrono Boost)  
  31  2:52  Probe (Chrono Boost)  
  31  2:56  Probe (Chrono Boost)  
  33  2:59  Probe (Chrono Boost)  
  33  3:01  Probe (Chrono Boost)  
  33  3:02  Phoenix (Chrono Boost)  
  37  3:07  Pylon  
  37  3:13  Gateway  
  37  3:17  Probe x2  
  39  3:26  Oracle (Chrono Boost)  
  39  3:29  Probe x2  
  39  3:33  Pylon  
  44  3:40  Assimilator  
  44  3:41  Probe x2  
  45  3:43  Assimilator  
  46  3:53  Probe x2  
  48  4:00  Oracle  
  51  4:05  Probe (Chrono Boost)  
  51  4:06  Robotics Facility  
  53  4:10  Probe (Chrono Boost)  
  53  4:15  Adept x2  
  53  4:16  Probe (Chrono Boost)  
  58  4:20  Probe (Chrono Boost)  
  59  4:30  Nexus  
  59  4:33  Probe  
  59  4:34  Probe  
  61  4:40  Pylon  
  61  4:42  Pylon  
  61  4:48  Probe  
  62  4:58  Probe, Observer (Chrono Boost), Forge  
  64  5:01  Twilight Council, Pylon  
  64  5:02  Probe  
  65  5:16  Immortal (Chrono Boost)  
  65  5:19  Probe  
  65  5:20  Probe (Chrono Boost)  
  71  5:30  Protoss Ground Weapons Level 1 (Chrono Boost)  
  71  5:32  Probe (Chrono Boost)  
  73  5:37  Probe (Chrono Boost), Charge  
  73  5:40  Templar Archives  
  73  5:41  Probe (Chrono Boost)  
  73  5:42  Sentry x2  
  78  5:45  Probe (Chrono Boost), Pylon  
  78  5:46  Gateway  
  79  5:50  Gateway  
  79  5:52  Immortal (Chrono Boost)  
  83  6:00  Pylon  
  83  6:02  Probe x2 (Chrono Boost)  
  85  6:06  Sentry x2  
  85  6:07  Probe (Chrono Boost)  
  90  6:17  Probe x2 (Chrono Boost), Gateway  
  92  6:19  Probe (Chrono Boost)  
  92  6:20  Gateway  
  92  6:22  Assimilator  
  92  6:24  Probe  
  92  6:25  Probe, Assimilator  
  95  6:32  Immortal (Chrono Boost)  
  99  6:34  High Templar x2  
  99  6:38  Archon  
  103  6:41  Probe x2, Pylon  
  103  6:44  Probe  
  106  6:52  Psionic Storm  
  106  6:53  Probe x2  
  108  6:56  Probe  
  108  7:00  Zealot x2  
  113  7:05  Probe x2  
  116  7:08  Probe, Pylon  
  116  7:10  Warp Prism (Chrono Boost)  
  118  7:17  Probe x2  
  118  7:18  Pylon  
  118  7:20  Gateway  
  118  7:22  Gateway  
  120  7:26  High Templar x3  
  120  7:29  High Templar  
  128  7:30  Archon  
  128  7:34  Archon  
  128  7:37  Zealot x2  
  128  7:39  Pylon  
  128  7:40  Pylon  
  132  7:48  Pylon  
  132  7:53  Gateway  
  132  7:54  Gateway  
  132  7:55  Pylon  
  132  7:58  Robotics Facility  
  132  8:00  Immortal  
  136  8:07  Zealot x6  
  148  8:13  Pylon  
  148  8:25  Zealot x2  
  152  8:27  Zealot x6  
  152  8:32  Pylon  
  142  8:48  High Templar  
  142  8:49  High Templar x3  
  142  8:50  Zealot x6  
  156  8:58  Archon x2  
  156  9:12  High Templar x2  
  156  9:13  Zealot x4  
  166  9:22  Zealot x4  
  172  9:28  Archon  
  168  9:34  Pylon  
  168  9:36  Pylon  
  168  9:38  High Templar x2  
  170  9:39  Zealot x2  
Show
View Real Time Build Order
Export as new Build Order

A.I. 2 (Elite) Zerg 

Build Orders: Pool First 

Get SALT Encoding   

  12  0:00  Drone  
  13  0:12  Overlord  
  13  0:16  Drone  
  14  0:30  Drone x2  
  14  0:34  Drone  
  17  0:48  Spawning Pool  
  17  0:49  Drone  
  17  1:11  Hatchery  
  17  1:15  Drone  
  17  1:18  Extractor  
  17  1:21  Drone  
  17  1:26  Extractor, Drone  
  17  1:31  Drone  
  18  1:38  Drone  
  19  1:49  Overlord  
  19  1:59  Queen  
  21  2:05  Zergling x2  
  22  2:10  Drone  
  23  2:25  Queen  
  25  2:32  Drone  
  25  2:36  Drone  
  27  2:41  Drone  
  28  2:46  Drone  
  29  3:00  Roach Warren  
  29  3:02  Drone  
  29  3:05  Drone  
  30  3:08  Zergling x2  
  30  3:12  Zergling x2  
  32  3:18  Overlord  
  32  3:21  Drone  
  32  3:24  Drone  
  34  3:40  Roach x3  
  40  3:43  Roach  
  40  3:48  Lair  
  42  3:53  Overlord  
  42  3:58  Overlord  
  42  4:00  Zergling x2  
  43  4:03  Zergling x2  
  44  4:11  Zergling x2, Drone x2  
  44  4:13  Drone  
  44  4:15  Drone  
  49  4:18  Drone  
  49  4:22  Overlord  
  50  4:26  Roach  
  50  4:30  Roach  
  54  4:33  Roach  
  54  4:36  Roach  
  58  4:40  Overlord  
  58  4:46  Drone  
  58  4:48  Drone  
  58  4:49  Hydralisk Den  
  58  4:50  Drone  
  60  4:54  Roach  
  60  4:56  Roach  
  64  5:01  Overlord  
  64  5:07  Drone  
  65  5:09  Drone  
  65  5:11  Drone  
  65  5:13  Drone  
  68  5:15  Drone  
  68  5:16  Drone  
  68  5:18  Drone  
  68  5:19  Hydralisk  
  73  5:21  Hydralisk  
  73  5:25  Overlord  
  75  5:29  Hydralisk  
  75  5:33  Hydralisk  
  75  5:35  Drone  
  80  5:36  Drone  
  80  5:39  Drone x2  
  80  5:41  Drone  
  84  5:43  Drone  
  84  5:45  Overlord  
  85  5:51  Drone  
  85  5:52  Hydralisk  
  85  5:54  Hydralisk  
  90  6:03  Metabolic Boost  
  90  6:05  Overlord  
  90  6:06  Evolution Chamber  
  89  6:11  Hatchery  
  88  6:25  Ravager  
  89  6:26  Ravager  
  89  6:27  Evolution Chamber  
  89  6:29  Lurker Den  
  89  6:32  Zerg Melee Weapons Level 1, Drone  
  89  6:36  Evolution Chamber  
  89  6:37  Drone  
  89  6:43  Extractor, Drone  
  89  6:48  Extractor, Drone  
  89  6:49  Roach  
  89  6:52  Zerg Ground Armor Level 1  
  93  6:54  Roach  
  93  7:01  Zerg Missile Weapons Level 1  
  93  7:02  Hydralisk  
  93  7:03  Overlord  
  93  7:05  Spine Crawler, Drone x4  
  98  7:10  Drone x2  
  98  7:11  Drone  
  101  7:15  Hydralisk  
  101  7:22  Overlord  
  103  7:24  Drone x4  
  103  7:25  Drone x2  
  103  7:26  Drone  
  103  7:28  Lurker, Drone  
  112  7:30  Overseer, Drone  
  112  7:33  Drone  
  112  7:34  Drone  
  116  7:37  Lurker, Drone  
  116  7:43  Overlord  
  117  7:44  Hydralisk  
  117  7:46  Drone x2  
  117  7:47  Drone  
  117  7:49  Drone  
  123  7:52  Drone x2  
  123  7:53  Drone  
  123  7:55  Hydralisk  
  123  7:57  Glial Reconstitution  
  128  7:59  Pneumatized Carapace  
  128  8:02  Overlord  
  128  8:08  Spine Crawler  
  128  8:09  Drone  
  128  8:15  Lurker  
  133  8:21  Overlord  
  133  8:22  Roach x2  
  133  8:23  Roach x2  
  133  8:24  Drone  
  133  8:26  Drone  
  141  8:28  Drone x2  
  129  8:34  Drone  
  129  8:36  Drone  
  110  8:43  Zergling x2  
  110  8:47  Zergling x2  
  86  8:48  Drone  
  86  8:49  Zergling x4  
  86  8:54  Roach  
  86  8:55  Zergling x4  
  76  8:59  Roach  
  77  9:05  Roach  
  72  9:16  Roach  
  57  9:21  Roach, Drone x2  
Tags
 
Add a new tag
Caveats
  • Supply blocks, unpowered buildings, or Contaminate may cause inaccurate times.
  • Supply counts are checked every 10 seconds.